 Dungeon Crawl Stone Soup version 0.24.1-14-gf8d2b509d9 (webtiles) character file.

Game seed: 15807109603155851497, levelgen mode: deterministic

841 MrZane the Slasher (level 7, -1/62 HPs)
             Began as a Minotaur Berserker on Jan 5, 2023.
             Was an Elder of Trog.
             Slain by Duvessa
             ... wielding a +0 short sword
              (11 damage)
             ... on level 4 of the Dungeon.
             The game lasted 00:19:55 (4449 turns).

MrZane the Slasher (Minotaur Berserker)             Turns: 4449, Time: 00:19:56

Health: -1/62      AC: 10    Str: 23    XL:     7   Next: 67%
Magic:  6/6        EV:  9    Int:  4    God:    Trog [****..]
Gold:   161        SH:  3    Dex: 10    Spells: 6/6 levels left

rFire    . . .     SeeInvis .   a - +0 falchion
rCold    . . .     Gourm    .   y - +0 buckler
rNeg     . . .     Faith    .   x - +0 chain mail
rPois    .         Spirit   .   (helmet restricted)
rElec    .         Reflect  .   (no cloak)
rCorr    .         Harm     .   (no gloves)
MR       .....                  (no boots)
Stlth    ..........             (no amulet)
HPRegen  0.20/turn              (no ring)
MPRegen  0.10/turn              (no ring)

@: no status effects
A: retaliatory headbutt, horns 2
a: Berserk, Trog's Hand, Brothers in Arms, Renounce Religion


You were on level 4 of the Dungeon.
You worshipped Trog.
Trog was greatly pleased with you.
You were not hungry.

You visited 1 branch of the dungeon, and saw 4 of its levels.
You also visited: Ossuary.

You collected 161 gold pieces.

Inventory:

Hand Weapons
 a - a +0 falchion (weapon)
 r - a +0 hunting sling
 u - a +0 hunting sling
Missiles
 t - 50 arrows
 w - 28 bolts
Armour
 b - a +0 animal skin
 e - a +0 leather armour
 i - a +1 ring mail
 x - a +0 chain mail (worn)
 y - a +0 buckler (worn)
 D - a +0 helmet
Jewellery
 s - a cursed amulet of inaccuracy
Scrolls
 d - 2 scrolls of magic mapping {unknown}
 f - a scroll of enchant armour
 j - a scroll of enchant weapon {unknown}
 k - 4 scrolls of identify
 n - a scroll of amnesia {unknown}
 C - a scroll of blinking {unknown}
Potions
 g - 3 potions of lignification {unknown}
 h - a potion of agility {unknown}
 l - a potion of invisibility {unknown}
 m - 2 potions of haste {unknown}
 o - 4 potions of heal wounds {unknown}
 p - 2 potions of mutation {unknown}
 q - a potion of might {unknown}
 v - 5 potions of cancellation {unknown}
 z - a potion of degeneration {unknown}
 A - a potion of flight {unknown}
 B - 4 potions of curing {unknown}
 E - 2 potions of magic
Comestibles
 c - 2 rations


   Skills:
 + Level 5.7 Fighting
 + Level 7.5 Long Blades
 + Level 5.9 Armour
 + Level 3.8 Dodging
 + Level 0.3 Stealth
 + Level 1.1 Shields


You had 6 spell levels left.
You didn't know any spells.
Your spell library was empty.

Dungeon Overview and Level Annotations

Branches:
Dungeon (4/15)            Ossuary (visited)
 Temple: D:4-7

Altars:

Annotations:
D:4 Duvessa


Innate Abilities, Weirdness & Mutations

You reflexively headbutt those who attack you in melee.
You have a pair of horns on your head.


Message History

Duvessa is moderately wounded.
Duvessa hits you with a +0 short sword.
You barely miss Duvessa. Your headbutt misses Duvessa.
Duvessa is moderately wounded.
Duvessa hits you but does no damage.
You are no longer glowing.
Duvessa hits you with a +0 short sword. Duvessa barely misses you.
Items here: )) [ † a +0 dagger x2; a +0 chain mail; an orc corpse Duvessa closely misses you.
You furiously retaliate!
You headbutt Duvessa! Duvessa hits you with a +0 short sword!
* * * LOW HITPOINT WARNING * * *
You hit Duvessa.
Duvessa is severely wounded.
Duvessa hits you with a +0 short sword.
* * * LOW HITPOINT WARNING * * *
You closely miss Duvessa. You headbutt Duvessa.
Duvessa is severely wounded.
Duvessa hits you with a +0 short sword!
You die...

# ##### ####.### ..
#...## #......
...#####..###.##.#
..........#...)..#.#.#
...##.........).....>#
....##....###..###...#
####8...##8##..#.#....
.........#.##.e.......
#####..#.#.##.@#.#....
####..#.#.##..#.# ..
......#.......# #
............#.#
###.#.#.##.....
#............
#...#.##.....
#.###.#####.#.
#.#.......#.#


You could see Duvessa (berserk).

Vanquished Creatures
  Grinder (D:4)
  A phantom (D:4)
  2 water moccasin zombies (Ossuary)
  Dowan (D:4)
  A howler monkey (D:4)
  2 orc priests (D:3)
  A centaur skeleton (D:4)
  2 iguanas (D:3)
  2 mummies (Ossuary)
  A gnoll (D:1)
  6 adders
  An ooze (D:3)
  6 adder zombies (Ossuary)
  2 worms
  3 dart slugs
  2 leopard geckos (D:1)
  8 orcs
  13 bats
  3 giant cockroaches
  A gnoll zombie (Ossuary)
  13 hobgoblins
  A quokka (D:3)
  4 ball pythons
  2 frilled lizards
  5 goblins
  9 hobgoblin zombies (Ossuary)
  6 kobolds
  A kobold zombie (Ossuary)
  4 orc zombies (Ossuary)
  10 rats
114 creatures vanquished.

Notes
Turn   | Place    | Note
-------+----------+-------------------------------------------
     0 | D:1      | MrZane the Minotaur Berserker began the quest for the Orb.
     0 | D:1      | Reached XP level 1. HP: 19/19 MP: 0/0
    89 | D:1      | You fall into a shaft and drop 1 floor!
   179 | D:2      | Reached XP level 2. HP: 25/27 MP: 1/1
   212 | D:2      | Reached skill level 4 in Long Blades
   507 | D:1      | Reached XP level 3. HP: 33/33 MP: 2/2
  1395 | D:2      | Reached ** piety under Trog
  2026 | D:2      | Reached XP level 4. HP: 37/41 MP: 3/3
  2450 | D:3      | Reached skill level 5 in Long Blades
  2519 | D:3      | Reached XP level 5. HP: 43/47 MP: 4/4
  2636 | D:3      | Reached *** piety under Trog
  2799 | D:3      | Paralysed by fainting for 5 turns
  3307 | D:3      | Reached skill level 5 in Fighting
  3589 | D:3      | Reached XP level 6. HP: 53/56 MP: 5/5
  3702 | D:4      | Noticed Grinder
  3756 | D:4      | Paralysed by Grinder for 2 turns
  3766 | D:4      | Killed Grinder
  3766 | D:4      | Reached skill level 6 in Long Blades
  3766 | D:4      | Reached skill level 5 in Armour
  3766 | D:4      | Reached XP level 7. HP: 16/61 MP: 6/6
  3869 | D:4      | Found a sand-covered staircase.
  3879 | Ossuary  | Entered an ossuary
  4059 | Ossuary  | Reached skill level 7 in Long Blades
  4098 | Ossuary  | Reached **** piety under Trog
  4161 | Ossuary  | Reached skill level 1 in Shields
  4415 | D:4      | Noticed Duvessa
  4416 | D:4      | Noticed Dowan
  4437 | D:4      | Killed Dowan
  4449 | D:4      | Slain by Duvessa

Levels and vault maps discovered:
D:1:      minmay_arrival_cross, layout_basic
D:2:      minmay_razor_zed, layout_basic, first_ration
D:3:      layout_loops_cross, grunt_decor_mini_mirrors
D:4:      layout_basic, lightli_ossuary_entry_decrepit_ruins, minmay_hedge_maze,
          uniq_grinder, uniq_duvessa

Skill      XL: |  1  2  3  4  5  6  7 |
---------------+----------------------+-----
Fighting       | 4 5 |  5.7
Long Blades    | 4 5 6 7 |  7.5
Armour         | 3 4 5 |  5.9
Dodging        | 3 |  3.8
Shields        | 1 |  1.1
Stealth        | |  0.3

Action                   |  1- 3 |  4- 6 |  7- 9 || total
-------------------------+-------+-------+-------++-------
Melee: Falchion          |    73 |   123 |   106 ||   302
       Headbutt          |    10 |    23 |    30 ||    63
Invok: Berserk           |       |     1 |       ||     1
  Use: Scroll            |     3 |     6 |       ||     9
       Potion            |       |     1 |       ||     1
  Eat: Ration            |     1 |     2 |     1 ||     4
       Chunk             |       |     1 |       ||     1
Armor: Leather armour    |     1 |       |       ||     1
       Ring mail         |    34 |    10 |       ||    44
       Chain mail        |       |    96 |    70 ||   166
Dodge: Dodged            |    76 |   102 |    56 ||   234
Block: Buckler           |       |     5 |    17 ||    22
       Rpst.: Falchion   |     8 |    29 |    16 ||    53
